AoeStats
← So sad

Nomad

506198101Analyzed
3v3 RM · 19d ago on Sep 12, 2026· 31m 33s· 6 players
Game mode
Random Map
Map size
210×210
Population
200
Speed
Normal
Resources
Standard
Victory
Conquest
Starting age
Dark Age
Ending age
Imperial Age
RankedLock teamsTeams togetherTeam positionsShared explorationLock speedFull tech treeHidden civsTurbo modeCheats
Victory
Defeat
🇺🇦 Inca · Ukraine
1345
+12
🇧🇾 Turks · Belarus
1344
+12
🇧🇾 Vietnamese · Belarus
1337
+13
🇧🇷 Koreans · Brazil
1311
-14
🇧🇷 Mongols · Brazil
1256
-12
🇧🇷 Berbers · Brazil
1226
-11
Aleerah
4:15 Loom
4:17 Loom
16:06 Feudal Age
23:46 Castle Age
26:54 Horse Collar
27:42 Horse Collar
28:42 Forging
EDINHO
3:08 Loom
11:49 Feudal Age
17:17 Castle Age
17:21 Town Watch
20:38 Fletching
23:59 Bodkin Arrow
25:36 Wheelbarrow
[ ] LordKing
3:22 Loom
14:28 Feudal Age
15:23 Fishing Lines
18:52 Double-Bit Axe
23:19 Castle Age
24:28 Squires
24:30 Scale Mail Armor
24:40 Forging
24:21 Fletching
26:42 Town Watch
29:38 Bodkin Arrow
So sad
5:27 Loom
15:24 Feudal Age
17:23 Fishing Lines
18:24 Double-Bit Axe
21:19 Castle Age
19:17 Town Watch
20:34 Padded Archer Armor
21:00 Fletching
21:00 Town Watch
27:41 Stone Mining
27:43 Gold Mining
28:15 Bow Saw
28:52 Thumb Ring
31:02 Elite Skirmisher
NiL
5:10 Loom
12:31 Feudal Age
13:14 Fishing Lines
18:20 Castle Age
16:24 Double-Bit Axe
16:44 Stone Mining
17:51 Horse Collar
18:13 Fletching
19:18 Bodkin Arrow
19:25 Scale Mail Armor
20:39 Medium Warships
20:23 Champi Runner
21:04 Squires
21:04 Gillnets
21:40 Gillnets
22:06 Forging
23:06 Champi Warrior
26:50 Chain Mail Armor
27:11 Iron Casting
HURMA
10:02 Loom
16:16 Feudal Age
16:53 Double-Bit Axe
19:45 Castle Age
17:34 Fishing Lines
19:18 Bloodlines
19:18 Scale Barding Armor
19:42 Forging
20:50 Chain Barding Armor
22:14 Husbandry
22:58 Horse Collar
25:09 Iron Casting
26:51 Wheelbarrow
27:37 Medium Warships
27:20 Gillnets
28:59 Town Watch
29:14 Stone Mining
29:15 Gold Mining
31:47 Ballistics
31:36 Fletching
Connection lost

Rejoining the realm…

Still unreachable

The connection could not be restored.

Session expired

The server has moved on; the page needs a fresh start.